 Dungeon Crawl Stone Soup version 0.30.0-19-g36f170ea60 (webtiles) character file.

Game seed: 7949386730996706058

30 GimliDwarf the Gusty (level 3, 0/19 HPs)
             Began as a Tengu Air Elementalist on June 1, 2023.
             Slain by Terence
             ... wielding a +0 trident of flaming
              (3 damage)
             ... on level 2 of the Dungeon.
             The game lasted 00:04:28 (1585 turns).

GimliDwarf the Gusty (Tengu Air Elementalist)       Turns: 1585, Time: 00:04:29

Health: 0/19       AC:  2    Str:  8    XL:     3   Next: 20%
Magic:  2/7        EV: 12    Int: 17    God:
Gold:   98         SH:  0    Dex: 14    Spells: 3/6 levels left

rFire   . . .        i - +0 dagger (flame)
rCold   . . .        (no shield)
rNeg    . . .        a - +0 robe
rPois   .            (helmet restricted)
rElec   .            (no cloak)
rCorr   .            (no gloves)
SInv    .            (boots unavailable)
Will    .....        (no amulet)
Stlth   ++           (no ring)
HPRegen 0.23/turn    (no ring)
MPRegen 0.10/turn

%: no passive effects
@: no status effects
A: beak, talons 3
a: no special abilities


You were on level 2 of the Dungeon.
You visited 1 branch of the dungeon, and saw 2 of its levels.

You collected 98 gold pieces.

Inventory:

Hand Weapons
 i - a +0 dagger of flaming (weapon)
Armour
 a - a +0 robe (worn)
Jewellery
 c - a +6 ring of dexterity
Scrolls
 e - a scroll of enchant weapon {unknown}
Potions
 b - a potion of magic
 d - a potion of degeneration {unknown}
 g - a potion of invisibility {unknown}
 h - a potion of heal wounds {unknown}
 j - a potion of attraction {unknown}
 k - a potion of mutation {unknown}
 l - a potion of haste {unknown}


   Skills:
 * Level 2.5 Dodging
 - Level 2.0 Stealth
 + Level 2.3 Spellcasting
 * Level 2.2 Conjurations
 + Level 4.6 Air Magic


You had 3 spell levels left.
You knew the following spells:

 Your Spells              Type           Power      Damage    Failure   Level
a - Shock                 Conj/Air       52%        1d6       4%          1
b - Static Discharge      Conj/Air       26%        2-4/arc   7%          2

Your spell library contained the following spells:

 Spells                   Type           Power      Damage    Failure   Level
 Swiftness                Air            17%        N/A       9%          3
 Airstrike                Air            8%         2d(2-18)  26%         4


Dungeon Overview and Level Annotations

Branches:
Dungeon (2/15)

Altars:

Annotations:
D:2 Terence


Innate Abilities, Weirdness & Mutations

You have a beak for a mouth.
You have claws for feet.


Message History

Aim: Terence, wielding a +0 trident of flaming and wearing a +0 chain mail (lightly wounded, 77% to hit)
The zap hits Terence.
Terence is lightly wounded.
The zap hits Terence.
Terence is moderately wounded.
Terence hits you from afar with a +0 trident of flaming.
Terence burns you.
Aiming: Shock (safe; 4% risk of failure)
Press: ? - help, Q - select action, (/) - cycle Shift-Dir - straight line, f/p - Terence
Aim: Terence, wielding a +0 trident of flaming and wearing a +0 chain mail (moderately wounded, 77% to hit)
The zap hits Terence but does no damage.
Terence is moderately wounded.
The zap misses Terence.
Terence barely misses you.
Aiming: Shock (safe; 4% risk of failure)
Press: ? - help, Q - select action, (/) - cycle Shift-Dir - straight line, f/p - Terence
Aim: Terence, wielding a +0 trident of flaming and wearing a +0 chain mail (moderately wounded, 77% to hit)
The zap misses Terence.
The zap hits Terence.
Terence is heavily wounded.
Terence barely misses you.
Aiming: Shock (safe; 4% risk of failure)
Press: ? - help, Q - select action, (/) - cycle Shift-Dir - straight line, f/p - Terence
Aim: Terence, wielding a +0 trident of flaming and wearing a +0 chain mail (heavily wounded, 77% to hit)
The zap hits Terence but does no damage.
Terence is heavily wounded.
The zap hits Terence.
Terence is heavily wounded.
Terence barely misses you.
Aiming: Shock (safe; 4% risk of failure)
Press: ? - help, Q - select action, (/) - cycle Shift-Dir - straight line, f/p - Terence
Aim: Terence, wielding a +0 trident of flaming and wearing a +0 chain mail (heavily wounded, 77% to hit)
The zap hits Terence.
Terence is severely wounded.
The zap hits Terence.
Terence is almost dead.
Terence hits you from afar with a +0 trident of flaming!
Ouch! That really hurt!
* * * LOW HITPOINT WARNING * * *
Terence burns you.
You die...

#....#...##.........#
##.#.#.####.........######
#.#...# #.........#....#
#.##### #............#.#
#.# ###########.#.##.# #.#
#....# #.#.##.# #.# #.##.#
#.#.##.# ##<#
####.##.######.#.##.#
...###....##.##.@.@.#.##.#
.##.......##.##.###.#..#.#
.#.....##.##.##.#####..#.#
...<...##.##.>..##.......#
..........########.###.###
.##.#........# #...#
.#....######.# #.###.###
.#.####### #.# #......#
.#<......# #.#######..#


You could see Terence.

Vanquished Creatures
  A dart slug (D:2)
  4 endoplasms (D:1)
  3 goblins (D:1)
  A hobgoblin (D:1)
  4 jackals (D:1)
  A kobold (D:1)
  4 quokkas
  A ball python (D:1)
  3 bats (D:1)
  A frilled lizard (D:1)
  A rat (D:1)
24 creatures vanquished.

Notes
Turn   | Place    | Note
-------+----------+-------------------------------------------
     0 | D:1      | GimliDwarf the Tengu Air Elementalist began the quest for
                  | the Orb.
     0 | D:1      | Reached XP level 1. HP: 10/10 MP: 4/4
   290 | D:1      | Reached XP level 2. HP: 15/15 MP: 3/6
   293 | D:1      | Learned a level 2 spell: Static Discharge
   901 | D:1      | Reached XP level 3. HP: 19/19 MP: 5/7
  1541 | D:2      | Noticed Terence
  1585 | D:2      | Slain by Terence

Illustrated notes

Levels and vault maps discovered:
D:1:      spicycebolla_arrival_risky_transporter, layout_rooms,
          minmay_door_square, hangedman_decor_slide_cut
D:2:      layout_basic, hangedman_decor_opposing,
          chequers_serial_rivers_micro_b, uniq_jessica, uniq_terence

Skill      XL: |  1  2 |
---------------+-------+-----
Conjurations   | 2 |  2.2
Dodging        | |  2.5
Stealth        | |  2.0
Spellcasting   | |  2.3
Air Magic      | |  4.6

Action                     || total
---------------------------++-------
   Cast: Shock             ||    68
    Use: Scroll            ||     3
 Armour: Robe              ||     2
  Dodge: Dodged            ||    19
